Saguenéens vs Staline
(R1)
Created - October 29, 2018 at 19:34
Goals
|
| Saguenéens |
1 |
1 |
4 |
6 |
| Staline |
0 |
3 |
1 |
4 |
|
Shots
|
| Saguenéens |
3 |
18 |
11 |
32 |
| Staline |
7 |
12 |
8 |
27 |
|
1st period
1. Saguenéens , Kyle Brodziak 5 (Craig Cunningham 1) at 1:54
Penalties :
Tobias Rieder (Chi) for Tripping (Minor) at 5:54, Craig Cunningham (Chi) for High sticking (Minor) at 14:20, Robert Hagg (Chi) for High sticking (Minor) at 17:18
2nd period
2. Saguenéens , Luke Witkowski 5 (Carl Hagelin 6, Nathan MacKinnon 4) at 1:01
3. Staline , Cameron Gaunce 3 (Jordan Szwarz 2, Jiri Sekac 1) at 2:14
4. Staline , Jason Akeson 7 (Danny Kristo 3) at 11:34
5. Staline , Tyler Pitlick 2 (Bryan Bickell 4) at 13:03
Penalties :
Bryan Bickell (StJ) for Holding (Minor) at 6:44, Nathan MacKinnon (Chi) for Cross-checking (Minor) at 18:51
3rd period
6. Staline , Jordan Szwarz 4 (Peter Holland 2) at 3:05
7. Saguenéens , Carl Hagelin 4 (Seth Jones 6, Nathan MacKinnon 5) at 3:27
8. Saguenéens , Kyle Brodziak 6 (Tobias Rieder 3) at 11:40
9. Saguenéens , Bobby Sanguinetti 1 (Nathan MacKinnon 6, Craig Cunningham 2) at 12:48 (PP)
10. Saguenéens , Kerby Rychel 3 (Seth Jones 7, Juraj Mikus 2) at 18:31
Penalties :
Bryan Bickell (StJ) for Holding (Minor) at 12:12, Juraj Mikus (Chi) for Hooking (Minor) at 16:12
Goalie Stats
Martin Jones (Chi), 23 saves from 27 shots - (0.852), W, 4-0-1, 60:00 minutes
Andrew Hammond (StJ), 26 saves from 32 shots - (0.813), L, 1-2-0, 60:00 minutes
Players Stats for Saguenéens
Player Name G A P +/- PIM S H SB GA TA FO MP PP MP PK MP
------------------------------------------------------------------------------------
Bobby Sanguinetti 1 0 1 1 0 2 1 2 0 0 0/0 26:20 1:55 5:57
Calle Andersson 0 0 0 -1 0 0 1 0 0 0 0/0 4:49 0:00 0:00
Carl Hagelin 1 1 2 0 0 4 1 0 0 0 0/2 20:02 1:24 3:19
Craig Cunningham 0 2 2 1 2 1 3 0 0 0 1/1 14:15 1:11 0:53
Dalton Prout 0 0 0 1 0 0 3 1 1 1 0/0 22:06 1:55 5:57
Dylan Labbe 0 0 0 -1 0 0 0 0 0 0 0/0 4:49 0:00 0:00
Henrik Samuelsson 0 0 0 0 0 0 0 0 0 0 0/0 0:00 0:00 0:00
Jerry D'Amigo 0 0 0 0 0 0 0 0 0 0 0/0 7:21 0:00 0:00
Juraj Mikus 0 1 1 0 2 3 3 1 1 0 2/8 12:31 0:00 0:00
Kerby Rychel 1 0 1 0 0 1 1 0 0 0 0/1 7:21 0:00 0:00
Kyle Brodziak 2 0 2 1 0 4 0 0 0 0 6/15 18:57 1:24 5:13
Luke Witkowski 1 0 1 0 0 2 2 0 1 2 1/4 22:16 1:24 5:19
Mattias Janmark 0 0 0 0 0 0 0 0 0 0 0/0 0:00 0:00 0:00
Mike Sauer 0 0 0 1 0 1 1 0 0 1 0/0 19:26 0:40 3:58
Mikhail Grigorenko 0 0 0 0 0 0 0 0 0 0 0/0 2:26 0:00 2:09
Myles Bell 0 0 0 0 0 0 0 0 0 0 0/0 0:00 0:00 0:00
Nathan MacKinnon 0 3 3 0 2 2 1 0 0 0 20/28 16:25 1:11 0:00
Nick Mattson 0 0 0 0 0 1 0 0 0 0 0/0 9:25 0:00 0:00
Nick Paul 0 0 0 0 0 0 0 0 0 0 0/0 0:00 0:00 0:00
Rhett Rakhshani 0 0 0 0 0 2 0 0 0 0 1/1 12:24 0:00 0:00
Robert Hagg 0 0 0 0 2 0 0 0 0 0 0/0 9:27 0:00 0:00
Seth Jones 0 2 2 1 0 6 1 0 2 0 0/0 23:40 0:40 3:58
Tanner Richard 0 0 0 0 0 0 1 0 0 0 0/1 7:21 0:00 0:00
Teemu Pulkkinen 0 0 0 0 0 2 1 1 0 0 1/1 12:42 0:00 0:18
Tobias Rieder 0 1 1 1 2 1 0 0 1 0 0/0 15:57 1:11 2:39
Players Stats for Staline
Player Name G A P +/- PIM S H SB GA TA FO MP PP MP PK MP
------------------------------------------------------------------------------------
Alex Petrovic 0 0 0 -1 0 3 2 0 0 1 0/0 20:24 4:37 0:55
Andrey Pedan 0 0 0 0 0 0 1 1 0 0 0/0 9:21 0:00 0:00
Barclay Goodrow 0 0 0 -1 0 0 0 0 0 0 0/1 2:35 0:39 0:00
Bryan Bickell 0 1 1 1 4 2 1 0 0 0 0/0 18:55 4:27 0:00
Cameron Gaunce 1 0 1 0 0 1 3 2 1 0 0/0 26:22 5:18 1:40
Charles Hudon 0 0 0 0 0 0 0 0 0 1 0/0 5:42 0:00 0:00
Corey Trivino 0 0 0 1 0 1 0 1 0 0 6/9 18:30 4:27 0:00
Danny Kristo 0 1 1 0 0 2 1 0 0 1 0/1 5:42 0:00 0:00
David Musil 0 0 0 0 0 0 0 0 0 0 0/0 0:00 0:00 0:00
Jason Akeson 1 0 1 -2 0 4 1 1 0 0 2/6 24:52 4:49 1:37
Jiri Sekac 0 1 1 1 0 0 2 0 0 0 1/1 13:38 0:00 0:33
Jordan Szwarz 1 1 2 1 0 4 3 0 1 1 0/0 13:33 0:28 0:00
Lars Eller 0 0 0 -3 0 0 1 0 1 0 19/38 19:38 5:00 0:25
Mike Reilly 0 0 0 0 0 0 0 0 0 0 0/0 9:21 0:00 0:00
Nick Spaling 0 0 0 -3 0 5 4 2 1 0 0/1 21:17 5:00 1:37
Nikita Nesterov 0 0 0 0 0 0 0 0 0 0 0/0 3:53 0:00 0:00
Peter Holland 0 1 1 1 0 0 0 0 0 0 1/4 13:05 0:00 0:00
Philip Larsen 0 0 0 0 0 2 1 1 0 2 0/0 26:22 5:18 1:40
Sergey Tolchinsky 0 0 0 0 0 0 0 0 0 0 0/0 0:28 0:28 0:00
Tobias Lindberg 0 0 0 0 0 0 0 0 0 0 1/1 0:33 0:00 0:33
Tyler Lewington 0 0 0 0 0 0 0 1 0 0 0/0 3:53 0:00 0:00
Tyler Pitlick 1 0 1 1 0 3 0 0 0 0 0/0 18:55 4:27 0:25
Viktor Loov 0 0 0 -1 0 0 0 2 0 0 0/0 20:24 4:37 0:55
3 Stars
1 - Kyle Brodziak (Chi)
2 - Jordan Szwarz (StJ)
3 - Carl Hagelin (Chi)
Power Play
Saguenéens - 1 on 2 Attempt(s) - 50.00%
Staline - 0 on 5 Attempt(s) - 0.00%
Penalty Kill
Saguenéens - 5 on 5 Attempt(s) - 100.00%
- Score 0 goal in Penalty Kill
Staline - 1 on 2 Attempt(s) - 50.00%
- Score 0 goal in Penalty Kill
Team Stat
Saguenéens - Hits : 20 - Faceoff Wins : 32 - Blocked Shots : 5 - Penalty Minutes : 10
Staline - Hits : 20 - Faceoff Wins : 30 - Blocked Shots : 11 - Penalty Minutes : 4
Official
Referees : Unknown
Linesman : Unknown
Game Notes
No Game Note
Finance
Level 1 -- Attendance: 1392 (69.60%) -- Ticket Income $55,680
Level 2 -- Attendance: 778 (77.80%) -- Ticket Income $15,560
Total Attendance: 2170 (72.33%)
Total Ticket Income: $71,240
Other Income: $3,562
Total Income: $74,802
Saguenéens
5 vs 5 Forward
Center Left Wing Right Wing Time % Phy DF OF
1 Nathan MacKinnon Carl Hagelin Luke Witkowski 40 1 2 2
2 Kyle Brodziak Craig Cunningham Tobias Rieder 30 1 2 2
3 Juraj Mikus Teemu Pulkkinen Rhett Rakhshani 20 1 2 2
4 Tanner Richard Kerby Rychel Jerry D'Amigo 10 1 2 2
5 vs 5 Defense
Defense Defense Time % Phy DF OF
1 Seth Jones Bobby Sanguinetti 40 1 2 2
2 Dalton Prout Mike Sauer 30 1 2 2
3 Nick Mattson Robert Hagg 20 1 2 2
4 Calle Andersson Dylan Labbe 10 1 2 2
PowerPlay Forward
Center Left Wing Right Wing Time % Phy DF OF
1 Kyle Brodziak Carl Hagelin Luke Witkowski 60 1 2 2
2 Nathan MacKinnon Craig Cunningham Tobias Rieder 40 1 2 2
PowerPlay Defense
Defense Defense Time % Phy DF OF
1 Dalton Prout Bobby Sanguinetti 60 1 2 2
2 Seth Jones Mike Sauer 40 1 2 2
Penalty Kill 4 Players Forward
Center Wing Time % Phy DF OF
1 Kyle Brodziak Luke Witkowski 60 1 2 2
2 Carl Hagelin Tobias Rieder 40 1 2 2
Penalty Kill 4 Players Defense
Defense Defense Time % Phy DF OF
1 Dalton Prout Bobby Sanguinetti 60 1 2 2
2 Seth Jones Mike Sauer 40 1 2 2
Penalty Kill - 3 Players Forward
Forward Time % Phy DF OF
1 Kyle Brodziak 60 1 2 2
2 Luke Witkowski 40 1 2 2
Penalty Kill - 3 Players Defense
Defense Defense Time % Phy DF OF
1 Dalton Prout Bobby Sanguinetti 60 1 2 2
2 Seth Jones Mike Sauer 40 1 2 2
4 vs 4 Forward
Center Wing Time % Phy DF OF
1 Kyle Brodziak Luke Witkowski 60 1 2 2
2 Carl Hagelin Tobias Rieder 40 1 2 2
4 vs 4 Defense
Defense Defense Time % Phy DF OF
1 Dalton Prout Bobby Sanguinetti 60 1 2 2
2 Seth Jones Mike Sauer 40 1 2 2
Last Minutes Offensive
Center Left Wing Right Wing Defense Defense
Kyle Brodziak Carl Hagelin Luke Witkowski Dalton Prout Bobby Sanguinetti
Last Minutes Defensive
Center Left Wing Right Wing Defense Defense
Kyle Brodziak Carl Hagelin Luke Witkowski Dalton Prout Bobby Sanguinetti
Goaltenders
Starting : Martin Jones
Backup : Joe Cannata
Extra Forwards
Normal : Henrik Samuelsson, Mattias Janmark, Mikhail Grigorenko - PP : Henrik Samuelsson, Mattias Janmark - PK : Mikhail Grigorenko
Extra Defensemen
Normal : Nick Mattson, Robert Hagg, Calle Andersson - PP : Nick Mattson - PK : Robert Hagg, Calle Andersson
Penalty Shots
Kyle Brodziak, Luke Witkowski, Carl Hagelin, Tobias Rieder, Craig Cunningham
Scratches
Patrick Sieloff (Healthy), Adam Erne (Healthy)
Staline
5 vs 5 Forward
Center Left Wing Right Wing Time % Phy DF OF
1 Lars Eller Nick Spaling Jason Akeson 40 1 2 2
2 Corey Trivino Bryan Bickell Tyler Pitlick 30 1 2 2
3 Peter Holland Jiri Sekac Jordan Szwarz 20 1 2 2
4 Jason Akeson Charles Hudon Danny Kristo 10 1 2 2
5 vs 5 Defense
Defense Defense Time % Phy DF OF
1 Cameron Gaunce Philip Larsen 40 1 2 2
2 Alex Petrovic Viktor Loov 30 1 2 2
3 Mike Reilly Andrey Pedan 20 1 2 2
4 Nikita Nesterov Tyler Lewington 10 1 2 2
PowerPlay Forward
Center Left Wing Right Wing Time % Phy DF OF
1 Lars Eller Nick Spaling Jason Akeson 60 1 2 2
2 Corey Trivino Bryan Bickell Tyler Pitlick 40 1 2 2
PowerPlay Defense
Defense Defense Time % Phy DF OF
1 Cameron Gaunce Philip Larsen 60 1 2 2
2 Alex Petrovic Viktor Loov 40 1 2 2
Penalty Kill 4 Players Forward
Center Wing Time % Phy DF OF
1 Jason Akeson Nick Spaling 60 1 2 2
2 Tyler Pitlick Lars Eller 40 1 2 2
Penalty Kill 4 Players Defense
Defense Defense Time % Phy DF OF
1 Cameron Gaunce Philip Larsen 60 1 2 2
2 Alex Petrovic Viktor Loov 40 1 2 2
Penalty Kill - 3 Players Forward
Forward Time % Phy DF OF
1 Jason Akeson 60 1 2 2
2 Nick Spaling 40 1 2 2
Penalty Kill - 3 Players Defense
Defense Defense Time % Phy DF OF
1 Cameron Gaunce Philip Larsen 60 1 2 2
2 Alex Petrovic Viktor Loov 40 1 2 2
4 vs 4 Forward
Center Wing Time % Phy DF OF
1 Jason Akeson Nick Spaling 60 1 2 2
2 Tyler Pitlick Lars Eller 40 1 2 2
4 vs 4 Defense
Defense Defense Time % Phy DF OF
1 Cameron Gaunce Philip Larsen 60 1 2 2
2 Alex Petrovic Viktor Loov 40 1 2 2
Last Minutes Offensive
Center Left Wing Right Wing Defense Defense
Lars Eller Nick Spaling Jason Akeson Cameron Gaunce Philip Larsen
Last Minutes Defensive
Center Left Wing Right Wing Defense Defense
Lars Eller Nick Spaling Jason Akeson Cameron Gaunce Philip Larsen
Goaltenders
Starting : Andrew Hammond
Backup : Joni Ortio
Extra Forwards
Normal : Barclay Goodrow, Sergey Tolchinsky, Tobias Lindberg - PP : Barclay Goodrow, Sergey Tolchinsky - PK : Tobias Lindberg
Extra Defensemen
Normal : David Musil, Mike Reilly, Andrey Pedan - PP : David Musil - PK : Mike Reilly, Andrey Pedan
Penalty Shots
Jason Akeson, Nick Spaling, Tyler Pitlick, Lars Eller, Corey Trivino
Scratches
Marek Zagrapan (Sprained Right Finger Injury), Darcy Kuemper (Healthy)
% Time on Ice - Saguenéens
Lines # - Real PCT - Wanted PCT - Time Play
Normal Forward
1 - 33% - 40% - 15:38
2 - 26% - 30% - 12:07
3 - 26% - 20% - 12:24
4 - 15% - 10% - 7:21
Normal Defense
1 - 39% - 40% - 18:28
2 - 31% - 30% - 14:48
3 - 20% - 20% - 9:25
4 - 10% - 10% - 4:49
PP Forward
1 - 54% - 60% - 1:24
2 - 46% - 40% - 1:11
PP Defense
1 - 74% - 60% - 1:55
2 - 26% - 40% - 0:40
PK Forward
1 - 67% - 60% - 6:36
2 - 33% - 40% - 3:19
PK Defense
1 - 60% - 60% - 5:57
2 - 40% - 40% - 3:58
PK3 Forward
1 - 0% - 60%
2 - 0% - 40%
PK3 Defense
1 - 0% - 60%
2 - 0% - 40%
44 Forward
1 - 0% - 60%
2 - 0% - 40%
44 Defense
1 - 0% - 60%
2 - 0% - 40%
Last Minute Offensive - 0:00
Last Minute Defensive - 0:00
Total
Forward - 60:00
Defense - 60:00
|
% Time on Ice - Staline
Lines # - Real PCT - Wanted PCT - Time Play
Normal Forward
1 - 31% - 40% - 14:40
2 - 30% - 30% - 14:03
3 - 28% - 20% - 13:05
4 - 12% - 10% - 5:42
Normal Defense
1 - 41% - 40% - 19:24
2 - 31% - 30% - 14:52
3 - 20% - 20% - 9:21
4 - 8% - 10% - 3:53
PP Forward
1 - 55% - 60% - 5:28
2 - 45% - 40% - 4:27
PP Defense
1 - 53% - 60% - 5:18
2 - 47% - 40% - 4:37
PK Forward
1 - 84% - 60% - 2:10
2 - 16% - 40% - 0:25
PK Defense
1 - 65% - 60% - 1:40
2 - 35% - 40% - 0:55
PK3 Forward
1 - 0% - 60%
2 - 0% - 40%
PK3 Defense
1 - 0% - 60%
2 - 0% - 40%
44 Forward
1 - 0% - 60%
2 - 0% - 40%
44 Defense
1 - 0% - 60%
2 - 0% - 40%
Last Minute Offensive - 0:00
Last Minute Defensive - 0:00
Total
Forward - 60:00
Defense - 60:00
|
Play by Play
1st period
0:01 of 1st period - Lars Eller wins face-off versus Nathan MacKinnon in neutral zone.
0:04 of 1st period - Snap shot by Jason Akeson.
0:04 of 1st period - Stopped by Martin Jones with a rebound.
0:06 of 1st period - Slapshot by Philip Larsen.
0:06 of 1st period - Shot Misses the Net.
0:10 of 1st period - Snap shot by Nick Spaling.
0:10 of 1st period - Stopped by Martin Jones with a rebound.
0:26 of 1st period - Philip Larsen is hit by Craig Cunningham and loses puck.
0:51 of 1st period - Bobby Sanguinetti is hit by Jordan Szwarz and loses puck.
1:14 of 1st period - Slapshot by Seth Jones.
1:14 of 1st period - Shot Blocked by Andrey Pedan.
1:36 of 1st period - Slapshot by Corey Trivino.
1:36 of 1st period - Stopped by Martin Jones with a rebound.
1:54 of 1st period - Wrist shot by Kyle Brodziak.
1:54 of 1st period - Goal by Kyle Brodziak - Saguenéens : 1 - Staline : 0.
1:55 of 1st period - Nathan MacKinnon wins face-off versus Lars Eller in neutral zone.
2:10 of 1st period - Robert Hagg is hit by Cameron Gaunce.
3:04 of 1st period - Slapshot by Cameron Gaunce.
3:04 of 1st period - Deflect By Bryan Bickell.
3:04 of 1st period - Stopped by Martin Jones without a rebound.
3:05 of 1st period - Nathan MacKinnon wins face-off versus Lars Eller in Saguenéens zone.
3:51 of 1st period - Icing by Seth Jones.
3:52 of 1st period - Corey Trivino wins face-off versus Juraj Mikus in Saguenéens zone.
4:07 of 1st period - Tyler Pitlick is hit by Bobby Sanguinetti and loses puck.
4:34 of 1st period - Slapshot by Tyler Pitlick.
4:34 of 1st period - Stopped by Martin Jones with a rebound.
4:48 of 1st period - Slapshot by Bobby Sanguinetti.
4:48 of 1st period - Shot Misses the Net.
5:11 of 1st period - Wrist shot by Teemu Pulkkinen.
5:11 of 1st period - Deflect By Juraj Mikus.
5:11 of 1st period - Shot Misses the Net.
5:11 of 1st period - Puck is out of play.
5:12 of 1st period - Lars Eller wins face-off versus Carl Hagelin in Staline zone.
5:12 of 1st period - Lars Eller is hit by Luke Witkowski.
5:28 of 1st period - Dalton Prout is hit by Nick Spaling and loses puck.
5:46 of 1st period - Snap shot by Jordan Szwarz.
5:46 of 1st period - Shot Misses the Net.
5:54 of 1st period - Minor Penalty to Tobias Rieder for Tripping.
5:55 of 1st period - Lars Eller wins face-off versus Luke Witkowski in Saguenéens zone.
6:46 of 1st period - Wrist shot by Carl Hagelin.
6:46 of 1st period - Shot Blocked by Viktor Loov.
7:54 of 1st period - Penalty to Tobias Rieder is over, Tobias Rieder is back on ice.
8:02 of 1st period - Robert Hagg is hit by Jiri Sekac and loses puck.
8:15 of 1st period - Mike Reilly is hit by Juraj Mikus and loses puck.
8:34 of 1st period - Juraj Mikus is hit by Andrey Pedan and loses puck.
8:43 of 1st period - Andrey Pedan is hit by Teemu Pulkkinen and loses puck.
8:52 of 1st period - Danny Kristo is hit by Juraj Mikus and loses puck.
9:01 of 1st period - Snap shot by Juraj Mikus.
9:01 of 1st period - Stopped by Andrew Hammond with a rebound.
9:13 of 1st period - Slapshot by Jason Akeson.
9:13 of 1st period - Shot Blocked by Teemu Pulkkinen.
9:23 of 1st period - Wrist shot by Jason Akeson.
9:23 of 1st period - Shot Misses the Net.
9:25 of 1st period - Snap shot by Jason Akeson.
9:25 of 1st period - Deflect By Danny Kristo.
9:25 of 1st period - Stopped by Martin Jones without a rebound.
9:26 of 1st period - Nathan MacKinnon wins face-off versus Peter Holland in Saguenéens zone.
9:52 of 1st period - Craig Cunningham is hit by Bryan Bickell and loses puck.
9:59 of 1st period - Snap shot by Bryan Bickell.
9:59 of 1st period - Stopped by Martin Jones without a rebound.
10:00 of 1st period - Corey Trivino wins face-off versus Kyle Brodziak in Saguenéens zone.
12:13 of 1st period - Off-side.
12:14 of 1st period - Kyle Brodziak wins face-off versus Lars Eller in neutral zone.
13:19 of 1st period - Icing by Robert Hagg.
13:20 of 1st period - Rhett Rakhshani wins face-off versus Danny Kristo in Saguenéens zone.
13:27 of 1st period - Jason Akeson is hit by Juraj Mikus and loses puck.
13:50 of 1st period - Snap shot by Carl Hagelin.
13:50 of 1st period - Shot Misses the Net.
14:20 of 1st period - Minor Penalty to Craig Cunningham for High sticking.
14:21 of 1st period - Kyle Brodziak wins face-off versus Lars Eller in Saguenéens zone.
16:20 of 1st period - Penalty to Craig Cunningham is over, Craig Cunningham is back on ice.
16:30 of 1st period - Nick Mattson is hit by Cameron Gaunce and loses puck.
16:41 of 1st period - Cameron Gaunce is hit by Tanner Richard and loses puck.
17:06 of 1st period - Wrist shot by Juraj Mikus.
17:06 of 1st period - Shot Misses the Net.
17:18 of 1st period - Minor Penalty to Robert Hagg for High sticking.
17:19 of 1st period - Corey Trivino wins face-off versus Kyle Brodziak in Saguenéens zone.
17:34 of 1st period - Luke Witkowski is hit by Alex Petrovic and loses puck.
17:45 of 1st period - Lars Eller is hit by Dalton Prout and loses puck.
17:52 of 1st period - Bobby Sanguinetti is hit by Lars Eller and loses puck.
19:18 of 1st period - Penalty to Robert Hagg is over, Robert Hagg is back on ice.
19:37 of 1st period - Wrist shot by Tanner Richard.
19:37 of 1st period - Shot Misses the Net.
19:47 of 1st period - Jordan Szwarz is hit by Calle Andersson and loses puck.
19:52 of 1st period - Wrist shot by Juraj Mikus.
19:52 of 1st period - Stopped by Andrew Hammond without a rebound.
19:53 of 1st period - Lars Eller wins face-off versus Juraj Mikus in Staline zone.
Goals for this period are 1 for Saguenéens vs 0 for Staline.
Shots for this period are 3 for Saguenéens vs 7 for Staline.
2nd period
0:01 of 2nd period - Lars Eller wins face-off versus Nathan MacKinnon in neutral zone.
0:44 of 2nd period - Snap shot by Kyle Brodziak.
0:44 of 2nd period - Stopped by Andrew Hammond without a rebound.
0:45 of 2nd period - Jiri Sekac wins face-off versus Tanner Richard in Staline zone.
0:45 of 2nd period - Jiri Sekac is hit by Kerby Rychel.
0:51 of 2nd period - Slapshot by Philip Larsen.
0:51 of 2nd period - Stopped by Martin Jones without a rebound.
0:52 of 2nd period - Nathan MacKinnon wins face-off versus Lars Eller in Saguenéens zone.
0:57 of 2nd period - Snap shot by Luke Witkowski.
0:57 of 2nd period - Shot Misses the Net.
0:59 of 2nd period - Snap shot by Carl Hagelin.
0:59 of 2nd period - Shot Blocked by Jason Akeson.
1:01 of 2nd period - Snap shot by Luke Witkowski.
1:01 of 2nd period - Goal by Luke Witkowski - Saguenéens : 2 - Staline : 0.
1:02 of 2nd period - Lars Eller wins face-off versus Luke Witkowski in neutral zone.
1:41 of 2nd period - Slapshot by Jordan Szwarz.
1:41 of 2nd period - Stopped by Martin Jones with a rebound.
1:47 of 2nd period - Jordan Szwarz is hit by Dalton Prout and loses puck.
2:00 of 2nd period - Snap shot by Luke Witkowski.
2:00 of 2nd period - Shot Misses the Net.
2:12 of 2nd period - Wrist shot by Jordan Szwarz.
2:12 of 2nd period - Shot Misses the Net.
2:14 of 2nd period - Slapshot by Cameron Gaunce.
2:14 of 2nd period - Goal by Cameron Gaunce - Saguenéens : 2 - Staline : 1.
2:15 of 2nd period - Craig Cunningham wins face-off versus Lars Eller in neutral zone.
2:49 of 2nd period - Wrist shot by Tyler Pitlick.
2:49 of 2nd period - Stopped by Martin Jones without a rebound.
2:50 of 2nd period - Lars Eller wins face-off versus Kyle Brodziak in Saguenéens zone.
3:05 of 2nd period - Snap shot by Kyle Brodziak.
3:05 of 2nd period - Stopped by Andrew Hammond with a rebound.
3:41 of 2nd period - Backhand shot by Luke Witkowski.
3:41 of 2nd period - Shot Misses the Net.
4:01 of 2nd period - Slapshot by Teemu Pulkkinen.
4:01 of 2nd period - Stopped by Andrew Hammond without a rebound.
4:02 of 2nd period - Teemu Pulkkinen wins face-off versus Corey Trivino in Staline zone.
4:09 of 2nd period - Snap shot by Teemu Pulkkinen.
4:09 of 2nd period - Shot Misses the Net.
4:21 of 2nd period - Slapshot by Teemu Pulkkinen.
4:21 of 2nd period - Stopped by Andrew Hammond with a rebound.
4:23 of 2nd period - Snap shot by Juraj Mikus.
4:23 of 2nd period - Deflect By Bryan Bickell.
4:23 of 2nd period - Stopped by Andrew Hammond with a rebound.
4:25 of 2nd period - Slapshot by Bobby Sanguinetti.
4:25 of 2nd period - Shot Blocked by Corey Trivino.
4:39 of 2nd period - Icing by Bobby Sanguinetti.
4:40 of 2nd period - Lars Eller wins face-off versus Juraj Mikus in Saguenéens zone.
5:10 of 2nd period - Snap shot by Jordan Szwarz.
5:10 of 2nd period - Stopped by Martin Jones without a rebound.
5:11 of 2nd period - Nathan MacKinnon wins face-off versus Peter Holland in Saguenéens zone.
5:21 of 2nd period - Mike Sauer is hit by Jordan Szwarz and loses puck.
5:36 of 2nd period - Tobias Rieder is hit by Nick Spaling and loses puck.
5:47 of 2nd period - Snap shot by Nick Spaling.
5:47 of 2nd period - Shot Misses the Net.
5:57 of 2nd period - Tyler Pitlick is hit by Mike Sauer and loses puck.
6:22 of 2nd period - Snap shot by Nathan MacKinnon.
6:22 of 2nd period - Stopped by Andrew Hammond without a rebound.
6:23 of 2nd period - Corey Trivino wins face-off versus Nathan MacKinnon in Staline zone.
6:23 of 2nd period - Corey Trivino is hit by Luke Witkowski.
6:44 of 2nd period - Minor Penalty to Bryan Bickell for Holding.
6:45 of 2nd period - Kyle Brodziak wins face-off versus Jason Akeson in Staline zone.
6:45 of 2nd period - Snap shot by Carl Hagelin.
6:45 of 2nd period - Stopped by Andrew Hammond without a rebound.
6:46 of 2nd period - Jason Akeson wins face-off versus Kyle Brodziak in Staline zone.
6:59 of 2nd period - Slapshot by Luke Witkowski.
6:59 of 2nd period - Shot Misses the Net.
7:01 of 2nd period - Slapshot by Bobby Sanguinetti.
7:01 of 2nd period - Shot Blocked by Cameron Gaunce.
7:15 of 2nd period - Philip Larsen is hit by Nathan MacKinnon.
8:21 of 2nd period - Slapshot by Alex Petrovic.
8:21 of 2nd period - Stopped by Martin Jones without a rebound.
8:22 of 2nd period - Tobias Lindberg wins face-off versus Nathan MacKinnon in Saguenéens zone.
8:44 of 2nd period - Penalty to Bryan Bickell is over, Bryan Bickell is back on ice.
9:04 of 2nd period - Slapshot by Jason Akeson.
9:04 of 2nd period - Shot Misses the Net.
9:13 of 2nd period - Icing by Cameron Gaunce.
9:14 of 2nd period - Peter Holland wins face-off versus Juraj Mikus in Staline zone.
9:25 of 2nd period - Snap shot by Rhett Rakhshani.
9:25 of 2nd period - Shot Blocked by Philip Larsen.
9:27 of 2nd period - Slapshot by Nick Mattson.
9:27 of 2nd period - Stopped by Andrew Hammond without a rebound.
9:28 of 2nd period - Nathan MacKinnon wins face-off versus Corey Trivino in Staline zone.
9:41 of 2nd period - Wrist shot by Corey Trivino.
9:41 of 2nd period - Shot Misses the Net.
9:43 of 2nd period - Slapshot by Corey Trivino.
9:43 of 2nd period - Deflect By Tyler Pitlick.
9:43 of 2nd period - Shot Misses the Net.
9:43 of 2nd period - Puck is out of play.
9:44 of 2nd period - Kyle Brodziak wins face-off versus Lars Eller in Saguenéens zone.
9:53 of 2nd period - Slapshot by Jason Akeson.
9:53 of 2nd period - Shot Misses the Net.
9:55 of 2nd period - Slapshot by Alex Petrovic.
9:55 of 2nd period - Stopped by Martin Jones with a rebound.
9:57 of 2nd period - Slapshot by Alex Petrovic.
9:57 of 2nd period - Stopped by Martin Jones with a rebound.
10:09 of 2nd period - Tobias Rieder is hit by Jordan Szwarz and loses puck.
10:34 of 2nd period - Snap shot by Tobias Rieder.
10:34 of 2nd period - Shot Misses the Net.
10:36 of 2nd period - Wrist shot by Craig Cunningham.
10:36 of 2nd period - Shot Misses the Net.
10:38 of 2nd period - Snap shot by Seth Jones.
10:38 of 2nd period - Deflect By Tobias Rieder.
10:38 of 2nd period - Stopped by Andrew Hammond without a rebound.
10:39 of 2nd period - Nathan MacKinnon wins face-off versus Lars Eller in Staline zone.
11:27 of 2nd period - Nick Mattson is hit by Danny Kristo.
11:28 of 2nd period - Icing by Nick Mattson.
11:29 of 2nd period - Jason Akeson wins face-off versus Kerby Rychel in Saguenéens zone.
11:32 of 2nd period - Snap shot by Danny Kristo.
11:32 of 2nd period - Stopped by Martin Jones with a rebound.
11:34 of 2nd period - Snap shot by Jason Akeson.
11:34 of 2nd period - Goal by Jason Akeson - Saguenéens : 2 - Staline : 2.
11:35 of 2nd period - Nathan MacKinnon wins face-off versus Lars Eller in neutral zone.
11:38 of 2nd period - Wrist shot by Luke Witkowski.
11:38 of 2nd period - Shot Blocked by Nick Spaling.
11:50 of 2nd period - Snap shot by Luke Witkowski.
11:50 of 2nd period - Shot Blocked by Nick Spaling.
12:16 of 2nd period - Icing by Tyler Pitlick.
12:17 of 2nd period - Juraj Mikus wins face-off versus Peter Holland in Staline zone.
12:18 of 2nd period - Slapshot by Teemu Pulkkinen.
12:18 of 2nd period - Shot Misses the Net.
12:32 of 2nd period - Snap shot by Jiri Sekac.
12:32 of 2nd period - Shot Misses the Net.
13:01 of 2nd period - Snap shot by Tyler Pitlick.
13:01 of 2nd period - Shot Misses the Net.
13:03 of 2nd period - Snap shot by Tyler Pitlick.
13:03 of 2nd period - Goal by Tyler Pitlick - Saguenéens : 2 - Staline : 3.
13:04 of 2nd period - Lars Eller wins face-off versus Nathan MacKinnon in neutral zone.
13:15 of 2nd period - Wrist shot by Nick Spaling.
13:15 of 2nd period - Shot Misses the Net.
13:17 of 2nd period - Wrist shot by Nick Spaling.
13:17 of 2nd period - Stopped by Martin Jones without a rebound.
13:18 of 2nd period - Lars Eller wins face-off versus Kyle Brodziak in Saguenéens zone.
14:18 of 2nd period - Slapshot by Seth Jones.
14:18 of 2nd period - Stopped by Andrew Hammond without a rebound.
14:19 of 2nd period - Lars Eller wins face-off versus Nathan MacKinnon in Staline zone.
14:26 of 2nd period - Snap shot by Philip Larsen.
14:26 of 2nd period - Shot Blocked by Dalton Prout.
14:34 of 2nd period - Jason Akeson is hit by Dalton Prout and loses puck.
15:34 of 2nd period - Icing by Mike Sauer.
15:35 of 2nd period - Corey Trivino wins face-off versus Kyle Brodziak in Saguenéens zone.
15:36 of 2nd period - Snap shot by Tyler Pitlick.
15:36 of 2nd period - Shot Misses the Net.
15:46 of 2nd period - Snap shot by Kyle Brodziak.
15:46 of 2nd period - Shot Misses the Net.
15:48 of 2nd period - Snap shot by Craig Cunningham.
15:48 of 2nd period - Shot Blocked by Tyler Lewington.
15:50 of 2nd period - Slapshot by Mike Sauer.
15:50 of 2nd period - Shot Misses the Net.
16:04 of 2nd period - Snap shot by Seth Jones.
16:04 of 2nd period - Stopped by Andrew Hammond without a rebound.
16:05 of 2nd period - Nathan MacKinnon wins face-off versus Lars Eller in Staline zone.
16:05 of 2nd period - Nathan MacKinnon is hit by Cameron Gaunce.
16:39 of 2nd period - Wrist shot by Kyle Brodziak.
16:39 of 2nd period - Shot Blocked by Cameron Gaunce.
17:51 of 2nd period - Kyle Brodziak is hit by Alex Petrovic and loses puck.
18:12 of 2nd period - Off-side.
18:13 of 2nd period - Corey Trivino wins face-off versus Juraj Mikus in neutral zone.
18:28 of 2nd period - Snap shot by Rhett Rakhshani.
18:28 of 2nd period - Stopped by Andrew Hammond without a rebound.
18:29 of 2nd period - Nathan MacKinnon wins face-off versus Lars Eller in Staline zone.
18:30 of 2nd period - Slapshot by Seth Jones.
18:30 of 2nd period - Stopped by Andrew Hammond with a rebound.
18:32 of 2nd period - Snap shot by Carl Hagelin.
18:32 of 2nd period - Stopped by Andrew Hammond without a rebound.
18:33 of 2nd period - Nathan MacKinnon wins face-off versus Jason Akeson in Staline zone.
18:34 of 2nd period - Slapshot by Seth Jones.
18:34 of 2nd period - Stopped by Andrew Hammond with a rebound.
18:36 of 2nd period - Wrist shot by Bobby Sanguinetti.
18:36 of 2nd period - Stopped by Andrew Hammond without a rebound.
18:37 of 2nd period - Nathan MacKinnon wins face-off versus Lars Eller in Staline zone.
18:42 of 2nd period - Snap shot by Luke Witkowski.
18:42 of 2nd period - Deflect By Nathan MacKinnon.
18:42 of 2nd period - Shot Misses the Net.
18:42 of 2nd period - Puck is out of play.
18:43 of 2nd period - Nathan MacKinnon wins face-off versus Lars Eller in Staline zone.
18:51 of 2nd period - Minor Penalty to Nathan MacKinnon for Cross-checking.
18:52 of 2nd period - Lars Eller wins face-off versus Kyle Brodziak in Saguenéens zone.
19:49 of 2nd period - Slapshot by Seth Jones.
19:49 of 2nd period - Stopped by Andrew Hammond without a rebound.
19:50 of 2nd period - Lars Eller wins face-off versus Carl Hagelin in Staline zone.
Goals for this period are 1 for Saguenéens vs 3 for Staline.
Shots for this period are 18 for Saguenéens vs 12 for Staline.
3rd period
0:01 of 3rd period - Lars Eller wins face-off versus Kyle Brodziak in neutral zone.
0:06 of 3rd period - Snap shot by Jason Akeson.
0:06 of 3rd period - Shot Blocked by Bobby Sanguinetti.
0:16 of 3rd period - Wrist shot by Nick Spaling.
0:16 of 3rd period - Stopped by Martin Jones with a rebound.
0:51 of 3rd period - Penalty to Nathan MacKinnon is over, Nathan MacKinnon is back on ice.
2:12 of 3rd period - Jiri Sekac is hit by Craig Cunningham and loses puck.
2:52 of 3rd period - Carl Hagelin is hit by Jiri Sekac and loses puck.
3:05 of 3rd period - Snap shot by Jordan Szwarz.
3:05 of 3rd period - Goal by Jordan Szwarz - Saguenéens : 2 - Staline : 4.
3:06 of 3rd period - Nathan MacKinnon wins face-off versus Lars Eller in neutral zone.
3:19 of 3rd period - Slapshot by Jason Akeson.
3:19 of 3rd period - Stopped by Martin Jones without a rebound.
3:20 of 3rd period - Nathan MacKinnon wins face-off versus Lars Eller in Saguenéens zone.
3:25 of 3rd period - Slapshot by Seth Jones.
3:25 of 3rd period - Stopped by Andrew Hammond with a rebound.
3:27 of 3rd period - Backhand shot by Carl Hagelin.
3:27 of 3rd period - Goal by Carl Hagelin - Saguenéens : 3 - Staline : 4.
3:28 of 3rd period - Nathan MacKinnon wins face-off versus Lars Eller in neutral zone.
3:39 of 3rd period - Slapshot by Philip Larsen.
3:39 of 3rd period - Deflect By Luke Witkowski.
3:39 of 3rd period - Stopped by Martin Jones without a rebound.
3:40 of 3rd period - Lars Eller wins face-off versus Luke Witkowski in Saguenéens zone.
3:41 of 3rd period - Snap shot by Jason Akeson.
3:41 of 3rd period - Shot Blocked by Bobby Sanguinetti.
3:43 of 3rd period - Wrist shot by Nick Spaling.
3:43 of 3rd period - Stopped by Martin Jones without a rebound.
3:44 of 3rd period - Lars Eller wins face-off versus Nathan MacKinnon in Saguenéens zone.
3:55 of 3rd period - Wrist shot by Jason Akeson.
3:55 of 3rd period - Stopped by Martin Jones without a rebound.
3:56 of 3rd period - Nathan MacKinnon wins face-off versus Nick Spaling in Saguenéens zone.
4:01 of 3rd period - Wrist shot by Luke Witkowski.
4:01 of 3rd period - Deflect By Nathan MacKinnon.
4:01 of 3rd period - Stopped by Andrew Hammond without a rebound.
4:02 of 3rd period - Lars Eller wins face-off versus Nathan MacKinnon in Staline zone.
5:12 of 3rd period - Slapshot by Mike Sauer.
5:12 of 3rd period - Stopped by Andrew Hammond with a rebound.
5:49 of 3rd period - Snap shot by Kyle Brodziak.
5:49 of 3rd period - Shot Misses the Net.
9:36 of 3rd period - Tobias Rieder is hit by Nick Spaling and loses puck.
10:42 of 3rd period - Snap shot by Tobias Rieder.
10:42 of 3rd period - Shot Misses the Net.
11:02 of 3rd period - Seth Jones is hit by Philip Larsen and loses puck.
11:09 of 3rd period - Philip Larsen is hit by Carl Hagelin and loses puck.
11:30 of 3rd period - Off-side.
11:31 of 3rd period - Kyle Brodziak wins face-off versus Barclay Goodrow in neutral zone.
11:40 of 3rd period - Slapshot by Kyle Brodziak.
11:40 of 3rd period - Goal by Kyle Brodziak - Saguenéens : 4 - Staline : 4.
11:41 of 3rd period - Nathan MacKinnon wins face-off versus Lars Eller in neutral zone.
11:47 of 3rd period - Nathan MacKinnon is hit by Nick Spaling and loses puck.
12:12 of 3rd period - Minor Penalty to Bryan Bickell for Holding.
12:13 of 3rd period - Luke Witkowski wins face-off versus Jason Akeson in Staline zone.
12:44 of 3rd period - Snap shot by Nathan MacKinnon.
12:44 of 3rd period - Deflect By Craig Cunningham.
12:44 of 3rd period - Stopped by Andrew Hammond with a rebound.
12:46 of 3rd period - Wrist shot by Nathan MacKinnon.
12:46 of 3rd period - Shot Misses the Net.
12:48 of 3rd period - Slapshot by Bobby Sanguinetti.
12:48 of 3rd period - Goal by Bobby Sanguinetti - Saguenéens : 5 - Staline : 4.
12:49 of 3rd period - Nathan MacKinnon wins face-off versus Corey Trivino in neutral zone.
13:14 of 3rd period - Lars Eller is hit by Seth Jones and loses puck.
13:36 of 3rd period - Wrist shot by Jordan Szwarz.
13:36 of 3rd period - Stopped by Martin Jones with a rebound.
13:38 of 3rd period - Snap shot by Viktor Loov.
13:38 of 3rd period - Shot Misses the Net.
13:40 of 3rd period - Slapshot by Alex Petrovic.
13:40 of 3rd period - Shot Misses the Net.
14:19 of 3rd period - Off-side.
14:20 of 3rd period - Nathan MacKinnon wins face-off versus Lars Eller in neutral zone.
14:56 of 3rd period - Wrist shot by Cameron Gaunce.
14:56 of 3rd period - Shot Blocked by Juraj Mikus.
15:35 of 3rd period - Wrist shot by Carl Hagelin.
15:35 of 3rd period - Stopped by Andrew Hammond with a rebound.
15:37 of 3rd period - Slapshot by Nick Mattson.
15:37 of 3rd period - Shot Blocked by Viktor Loov.
15:39 of 3rd period - Wrist shot by Nathan MacKinnon.
15:39 of 3rd period - Shot Misses the Net.
16:12 of 3rd period - Minor Penalty to Juraj Mikus for Hooking.
16:13 of 3rd period - Lars Eller wins face-off versus Kyle Brodziak in Saguenéens zone.
16:13 of 3rd period - Wrist shot by Nick Spaling.
16:13 of 3rd period - Stopped by Martin Jones without a rebound.
16:14 of 3rd period - Kyle Brodziak wins face-off versus Lars Eller in Saguenéens zone.
16:14 of 3rd period - Kyle Brodziak is hit by Jason Akeson.
17:50 of 3rd period - Cameron Gaunce is hit by Craig Cunningham and loses puck.
18:12 of 3rd period - Penalty to Juraj Mikus is over, Juraj Mikus is back on ice.
18:31 of 3rd period - Wrist shot by Kerby Rychel.
18:31 of 3rd period - Goal by Kerby Rychel - Saguenéens : 6 - Staline : 4.
18:32 of 3rd period - Lars Eller wins face-off versus Juraj Mikus in neutral zone.
19:06 of 3rd period - Slapshot by Luke Witkowski.
19:06 of 3rd period - Stopped by Andrew Hammond without a rebound.
19:07 of 3rd period - Juraj Mikus wins face-off versus Jason Akeson in Staline zone.
19:21 of 3rd period - Slapshot by Teemu Pulkkinen.
19:21 of 3rd period - Shot Misses the Net.
19:23 of 3rd period - Snap shot by Rhett Rakhshani.
19:23 of 3rd period - Stopped by Andrew Hammond with a rebound.
Goals for this period are 4 for Saguenéens vs 1 for Staline.
Shots for this period are 11 for Saguenéens vs 8 for Staline.
Back to the Top